 Dungeon Crawl Stone Soup version 0.31-a0-983-g7b6862f502 (webtiles) character file.

Game seed: 4790418990009914248

42502 voltaire321 the Protected (level 13, -6/104 HPs)
             Began as a Demonspawn Venom Mage on Nov 1, 2023.
             Was the Champion of Wu Jian.
             Mangled by Rupert
             ... wielding a +0 great mace of holy wrath
              (12 damage)
             ... on level 4 of the Lair of Beasts on Nov 2, 2023.
             The game lasted 01:19:04 (22729 turns).

voltaire321 the Protected (Demonspawn Venom Mage)  Turns: 22729, Time: 01:19:04

Health: -6/104     AC: 19    Str: 13    XL:     13   Next: 85%
Magic:  10/31      EV: 15    Int: 16    God:    Wu Jian [******]
Gold:   1701       SH: 24    Dex: 15    Spells: 12/24 levels left

rFire   . . .        F - +5 spear (freeze)
rCold   + + .        N - +1 kite shield {rC+}
rNeg    . . .        C - +2 leather armour {rPois}
rPois   +            o - +1 hat
rElec   .            S - +1 cloak {rC+}
rCorr   .            p - +1 pair of gloves {hurl}
SInv    .            f - +0 pair of boots
Will    .....        q - amulet of reflection
Stlth   ++           g - ring of magical power
HPRegen 0.37/turn    y - ring of wizardry
MPRegen 0.22/turn

%: reflection, wizardry (x1)
@: ice-armoured, freezing walls, very slightly contaminated
A: hooves 2, large bone plates 1, demonic guardian 3, condensation shield
a: Renounce Religion, Wall Jump, Serpent's Lash, Heavenly Storm


You were on level 4 of the Lair of Beasts.
You worshipped Wu Jian.
Wu Jian was exalted by your worship.
You visited 3 branches of the dungeon, and saw 17 of its levels.
You also visited: Ossuary and Ice Cave.

You collected 1701 gold pieces.

Inventory:

Hand Weapons
 m - the +1 spear of Tunnuc {vamp, Will+ rCorr}
   (You found it on level 10 of the Dungeon)

   Will+:     It increases your willpower.
   rCorr:     It protects you from acid and corrosion.
 z - a +0 rapier
 F - a +5 spear of freezing (weapon)
 R - a +2 halberd of venom
Missiles
 k - 2 curare-tipped darts
Armour
 f - a +0 pair of boots (worn)
 o - a +1 hat (worn)
 p - a +1 pair of gloves of hurling (worn)
 r - a scarf of invisibility
 C - a +2 leather armour of poison resistance (worn)
 H - a +0 troll leather armour
 N - a +1 kite shield of cold resistance (worn)
 Q - +0 ice dragon scales
 S - a +1 cloak of cold resistance (worn)
Jewellery
 g - a ring of magical power (left hand)
 q - an amulet of reflection (around neck)
 s - an amulet of regeneration
 y - a ring of wizardry (right hand)
 G - a ring of willpower
 O - a ring of poison resistance
Wands
 l - a wand of acid (6)
 J - a wand of mindburst (9)
 P - a wand of charming (2)
 T - a wand of polymorph (3)
Scrolls
 d - a scroll of summoning
 j - a scroll of blinking
 n - a scroll of vulnerability
 w - 3 scrolls of revelation
 x - 6 scrolls of teleportation
 A - 2 scrolls of identify
 D - 3 scrolls of immolation
 I - 4 scrolls of enchant weapon
 K - a scroll of fear
 M - a scroll of enchant armour
Potions
 a - 3 potions of curing
 b - 2 potions of magic
 c - 2 potions of might
 e - 2 potions of haste
 h - 3 potions of lignification
 i - 3 potions of brilliance
 t - a potion of enlightenment
 u - a potion of cancellation
 v - 2 potions of resistance
 B - a potion of mutation
 E - 3 potions of invisibility
 L - a potion of attraction


   Skills:
 + Level 10.6 Fighting
 + Level 12.6 Armour
 + Level 9.9 Dodging
 - Level 1.7 Stealth
 + Level 7.5 Shields
 - Level 6.0 Spellcasting
 - Level 4.0 Conjurations
 - Level 1.0 Transmutations
 + Level 6.7 Ice Magic
 + Level 10.1 Poison Magic


You had 12 spell levels left.
You knew the following spells:

 Your Spells              Type           Power      Damage    Failure   Level
a - Searing Ray           Conj           34%        2d5       5%          2
b - Olgreb's Toxic Radia  Pois           37%        N/A       2%          4
c - Frozen Ramparts       Ice            52%        1d8       3%          3
d - Ozocubu's Armour      Ice            26%        N/A       3%          3

Your spell library contained the following spells:

 Spells                   Type           Power      Damage    Failure   Level
 Freeze                   Ice            100%       1d10      1%          1
 Sting                    Tmut/Pois      88%        1d7       1%          1
 Magic Dart               Conj           68%        1d6       3%          1
 Poisonous Vapours        Pois/Air       42%        N/A       3%          2
 Hailstorm                Conj/Ice       22%        3d7       6%          3
 Ensorcelled Hibernation  Hex/Ice        30%        N/A       7%          2
 Mephitic Cloud           Conj/Pois/Air  19%        N/A       9%          3
 Momentum Strike          Conj/Tloc      22%        3d8       12%         2
 Static Discharge         Conj/Air       22%        3-4/arc   12%         2
 Apportation              Tloc           8%         N/A       17%         1
 Necrotise                Necr           16%        1d4       17%         1
 Summon Small Mammal      Summ           16%        N/A       17%         1
 Blink                    Tloc           8%         N/A       26%         2
 Lesser Beckoning         Tloc           8%         N/A       26%         2
 Summon Ice Beast         Ice/Summ       15%        N/A       41%         4
 Fulminant Prism          Conj/Hex       5%         3d7       58%         4
 Freezing Cloud           Conj/Ice/Air   8%         6-21      71%         5
 Metabolic Englaciation   Hex/Ice        7%         N/A       75%         5
 Airstrike                Air            2%         2d(1-17)  85%         4
 Leda's Liquefaction      Hex/Erth       2%         N/A       85%         4
 Passage of Golubria      Tloc           4%         N/A       85%         4
 Summon Lightning Spire   Summ/Air       4%         N/A       85%         4
 Lee's Rapid Deconstruct  Erth           2%         3d4*      99%         5
 Silence                  Hex/Air        2%         N/A       99%         5
 Simulacrum               Ice/Necr       7%         N/A       99%         6
 Bombard                  Conj/Erth      5%         9d2       100%        6
 Lehudib's Crystal Spear  Conj/Erth      5%         10d3      100%        8


Dungeon Overview and Level Annotations

Branches:
Dungeon (12/15)            Temple (1/1) D:5            Lair (4/5) D:11
  Swamp (0/4) Lair:3        Snake (0/4) Lair:2          Orc (0/2) D:9
Ossuary (visited)           IceCv (visited)
  Slime: Lair:4-5

Altars:
Ashenzari
Cheibriados
Dithmenos
Fedhas
Gozag
Hepliaklqana
Kikubaaqudgha
Makhleb
Nemelex Xobeh
Okawaru
Qazlal
Ru
Sif Muna
Trog
Uskayaw
Vehumet
Wu Jian
Xom
Yredelemnul

Shops:
D:7 *

Annotations:
D:8 Pikel
D:11 3 runed translucent doors, promet's ghost, journeyman MfFi
D:12 Azrael
Lair:2 2 transporters, Scrimshaw's ghost, journeyman OpSh
Lair:4 Rupert


Innate Abilities, Weirdness & Mutations

You have hoof-like feet.
You are partially covered in large bone plates. (SH +4)
A powerful demonic guardian rushes to your aid.
A meltable shield of frost defends you. (SH +4)


Message History

The wall freezes Rupert.
Rupert completely misses you.
You puncture Rupert! You freeze Rupert.
Rupert is heavily wounded.
The frozen ramparts melt away.
Rupert closely misses you. You block Rupert's attack.
Casting: Olgreb's Toxic Radiance (mildly dangerous; 2% risk of failure)
Confirm with . or Enter, or press ? or * to list all spells.
You miscast Olgreb's Toxic Radiance.
You are very lightly contaminated with residual magic.
Nothing appears to happen.
You block Rupert's attack. x2
Casting: Olgreb's Toxic Radiance (mildly dangerous; 2% risk of failure)
Confirm with . or Enter, or press ? or * to list all spells.
Casting: Frozen Ramparts (mildly dangerous; 3% risk of failure)
Press: ? - help, Dir - look around, f - activate The walls around you are covered in ice.
The wall freezes Rupert.
You block Rupert's attack.
Casting: Frozen Ramparts (mildly dangerous; 3% risk of failure)
Confirm with . or Enter, or press ? or * to list all spells.
You begin to radiate toxic energy.
Rupert looks even sicker.
The wall freezes Rupert.
You block Rupert's attack.
The wall freezes Rupert.
You block Rupert's attack.
You hit Rupert but do no damage.
Rupert is severely wounded.
Your toxic aura wanes.
The wall freezes Rupert.
You block Rupert's attack.
You hit Rupert. You freeze Rupert.
Rupert is severely wounded.
The wall freezes Rupert but does no damage.
Rupert hits you with a +0 great mace of holy wrath!
You convulse.
The wall freezes Rupert.
Rupert hits you but does no damage.
You hit Rupert. You freeze Rupert.
Rupert is almost dead.
The wall freezes Rupert.
Rupert hits you with a +0 great mace of holy wrath!!
A demonic guardian appears!
You convulse!!!
* * * LOW HITPOINT WARNING * * *
The wall freezes Rupert.
Rupert hits you with a +0 great mace of holy wrath!
You die...
Rupert roars with triumph.

#.........## ##..........#
##.......รทรท##
#............ #.........#.#
##...........#
##......#.#.###.............
#.......##..#.#............
##...#####..#.............#
##### ##..#P............
#^.........<......
#@.2.#..########.# #@...####
### ####...## #.#...##
##..### ##.## #..# #.P#
#......##


You could see Rupert (berserk, very poisoned, ally target) and a friendly balrug
(summoned).

Vanquished Creatures
  Nessos (Lair:4)
  A hydra (Lair:4)
  A two-headed ogre (D:11)
  4 death yaks (IceCv)
  An oklob plant (D:11)
  A manticore (D:12)
  A cyclops (D:12)
  15 elephants
  Joseph (D:8)
  An ice statue (IceCv)
  A gargoyle (D:10)
  2 black mambas
  7 cane toads
  2 rime drakes
  4 komodo dragons
  A troll (D:12)
  A hornet (D:9)
  11 polar bears
  Grinder (D:5)
  4 dream sheep (Lair:3)
  A ynoxinul (D:10)
  2 wyverns (Lair:4)
  Grum (D:8)
  2 shadows
  A fire elemental (D:12)
  2 basilisks
  61 yaks
  2 nagas (Lair:2)
  6 water moccasins
  An ice beast (D:8)
  4 orc warriors
  2 black bears
  8 centaurs
  44 wolves
  A lemure (D:8)
  A kobold brigand (D:9)
  2 scorpions
  15 bullfrogs
  2 wights (D:8)
  An elephant simulacrum (Lair:1)
  20 killer bees
  9 howler monkeys
  2 electric eels (Lair:1)
  A crimson imp (D:4)
  4 hounds
  7 orc priests
  A sleepcap (D:8)
  A gnoll bouda (D:7)
  Natasha (thrice) (D:4)
  4 iguanas
  7 orc wizards
  A hound zombie (Ossuary)
  4 mummies (Ossuary)
  6 gnolls
  9 adders
  2 shadow imps (D:7)
  3 white imps
  11 ufetubi
  4 dart slugs
  45 orcs
  8 ball pythons
  6 endoplasms
  8 giant cockroaches
  7 hobgoblins
  10 jackals
  3 quokkas
  4 bats
  4 frilled lizards
  A gnoll zombie (Ossuary)
  8 goblins
  3 goblin zombies (Ossuary)
  A hobgoblin zombie (Ossuary)
  3 jackal zombies (Ossuary)
  13 kobolds
  A kobold zombie (Ossuary)
  An orc zombie (Ossuary)
  11 rats
  A rat zombie (Ossuary)
457 creatures vanquished.

Vanquished Creatures (collateral kills)
  A frost giant (IceCv)
  A hydra (Lair:2)
  A two-headed ogre (D:9)
  A polar bear (IceCv)
  A shadow (D:9)
  A ynoxinul (D:10)
  Sigmund (D:6)
  2 fire elementals (D:12)
  2 water moccasins
  2 orc warriors (D:9)
  A wolf (Lair:1)
  A centaur (D:7)
  3 wights (D:8)
  An orc priest (D:9)
  2 sleepcaps
  A gnoll bouda (D:6)
  An orc wizard (D:3)
  2 gnolls (D:6)
  An adder (D:3)
  A white imp (D:5)
  2 dart slugs
  4 orcs
  A hobgoblin (D:2)
  A rat (D:2)
35 creatures vanquished.

Vanquished Creatures (others)
  A death yak (IceCv)
  3 polar bears (IceCv)
4 creatures vanquished.

Grand Total: 496 creatures vanquished

Notes
Turn   | Place    | Note
-------+----------+-------------------------------------------
     0 | D:1      | voltaire321 the Demonspawn Venom Mage began the quest for
                  | the Orb.
     0 | D:1      | Reached XP level 1. HP: 13/13 MP: 3/3
    82 | D:1      | Reached skill level 1 in Transmutations
   212 | D:1      | Gained mutation: A weak demonic guardian rushes to your
                  | aid. [demonic ancestry]
   212 | D:1      | Reached XP level 2. HP: 20/20 MP: 1/5
   596 | D:1      | Found a faded altar of an unknown god.
   641 | D:1      | Got Kuidinyw's Cyclopedia of Boreal Beguiling
  1011 | D:2      | Reached skill level 1 in Fighting
  1138 | D:2      | Gained mutation: A demonic guardian rushes to your aid.
                  | [demonic ancestry]
  1138 | D:2      | Reached XP level 3. HP: 19/26 MP: 1/6
  1301 | D:2      | Reached skill level 1 in Armour
  1818 | D:2      | Reached XP level 4. HP: 28/32 MP: 2/7
  2922 | D:3      | Gained mutation: You are partially covered in large bone
                  | plates. (SH +4) [demonic ancestry]
  2922 | D:3      | Reached XP level 5. HP: 26/38 MP: 5/9
  3139 | D:3      | Learned a level 4 spell: Olgreb's Toxic Radiance
  3143 | D:3      | Learned a level 3 spell: Frozen Ramparts
  3252 | D:3      | Reached skill level 1 in Shields
  3465 | D:3      | Found an ornate altar of the Wu Jian Council.
  3593 | D:3      | You fall into a shaft and drop 2 floors!
  3593 | D:5      | Entered Level 5 of the Dungeon
  3639 | D:5      | Reached skill level 2 in Armour
  3718 | D:5      | Reached XP level 6. HP: 22/44 MP: 8/10
  3805 | D:5      | Noticed Grinder
  3806 | D:5      | Paralysed by Grinder for 3 turns
  3844 | D:5      | Killed Grinder
  3845 | D:5      | Reached skill level 1 in Ice Magic
  3956 | D:5      | Found a sand-covered staircase.
  4076 | Ossuary  | Entered an ossuary
  4136 | Ossuary  | Gained mutation: A meltable shield of frost defends you.
                  | (SH +4) [demonic ancestry]
  4136 | Ossuary  | Reached XP level 7. HP: 51/51 MP: 11/11
  4624 | D:5      | Found a staircase to the Ecumenical Temple.
  4671 | Temple   | Entered the Ecumenical Temple
  5416 | D:4      | Noticed Natasha
  5439 | D:4      | Killed Natasha
  5955 | D:4      | Noticed Natasha
  5963 | D:4      | Killed Natasha
  5964 | D:4      | Reached skill level 3 in Armour
  6021 | D:4      | Found a radiant altar of Vehumet.
  6043 | D:4      | Found a burning altar of Makhleb.
  6154 | D:4      | Noticed Natasha
  6163 | D:4      | Killed Natasha
  6225 | D:3      | Noticed a spectral centipede
  6225 | D:3      | Noticed a spectral black mamba
  6225 | D:3      | Noticed a spectral cane toad
  6226 | D:3      | Became a worshipper of the Wu Jian Council
  6318 | D:6      | Reached XP level 8. HP: 48/58 MP: 13/13
  6379 | D:6      | Found an ancient bone altar of Kikubaaqudgha.
  6643 | D:6      | Noticed Sigmund
  6663 | D:6      | Killed Sigmund
  6710 | D:6      | Found a faded altar of an unknown god.
  6711 | D:6      | Found a hazy altar of Hepliaklqana.
  7105 | D:6      | Reached skill level 5 in Poison Magic
  7653 | D:7      | Reached skill level 4 in Armour
  7795 | D:7      | Learned a level 3 spell: Ozocubu's Armour
  7798 | D:7      | Learned a level 2 spell: Searing Ray
  7987 | D:7      | Reached * piety under Wu Jian
  7996 | D:7      | Reached XP level 9. HP: 65/65 MP: 15/15
  8066 | D:7      | Found Cngaihie's Commerce Corner.
  8795 | D:7      | Identified the +5 long sword "Umimp" {freeze, rCorr MP-9
                  | SInv}
  8918 | D:8      | Noticed Grum
  8920 | D:8      | Noticed Joseph
  8927 | D:8      | Reached skill level 1 in Conjurations
  8929 | D:8      | Killed Grum
  9225 | D:8      | Killed Joseph
  9226 | D:8      | Reached skill level 5 in Armour
  9412 | D:8      | Reached skill level 5 in Spellcasting
  9426 | D:8      | Reached skill level 5 in Fighting
  9626 | D:8      | Reached skill level 5 in Dodging
  9738 | D:8      | Noticed Pikel
  9752 | D:8      | HP: 2/68 [lemure[Pikel] (8)]
  9999 | D:8      | Reached ** piety under Wu Jian
 10010 | D:8      | Gained mutation: You have large cloven feet. [demonic
                  | ancestry]
 10010 | D:8      | Reached XP level 10. HP: 61/74 MP: 2/17
 10146 | D:8      | Reached skill level 6 in Armour
 11412 | D:9      | Noticed a two-headed ogre
 11428 | D:9      | Killed a two-headed ogre
 11682 | D:9      | Reached skill level 5 in Shields
 11944 | D:9      | Reached *** piety under Wu Jian
 11945 | D:9      | Reached skill level 5 in Ice Magic
 11946 | D:9      | Reached skill level 7 in Armour
 11947 | D:9      | Found a staircase to the Orcish Mines.
 12092 | D:10     | Entered Level 10 of the Dungeon
 12101 | D:9      | Found a sparkling altar of Nemelex Xobeh.
 12283 | D:10     | Gained mutation: A powerful demonic guardian rushes to your
                  | aid. [demonic ancestry]
 12283 | D:10     | Reached XP level 11. HP: 82/82 MP: 19/20
 12408 | D:10     | Found a bloodstained altar of Trog.
 12823 | D:10     | Identified the +1 spear of Tunnuc {vamp, Will+ rCorr}
 12828 | D:10     | Reached skill level 8 in Armour
 12849 | D:10     | Reached **** piety under Wu Jian
 12852 | D:10     | HP: 3/83 [ynoxinul/iron shot (20)]
 13861 | D:11     | Noticed a two-headed ogre
 13877 | D:11     | Killed a two-headed ogre
 13996 | D:11     | Noticed an oklob plant
 13997 | D:11     | Found a staircase to the Lair.
 14021 | D:11     | Killed an oklob plant
 14550 | D:11     | Found a runed translucent gate.
 14550 | D:11     | Found a runed translucent gate.
 14550 | D:11     | Found a runed translucent gate.
 14553 | D:11     | Noticed promet's ghost (journeyman MfFi)
 15200 | D:12     | Reached skill level 9 in Armour
 15451 | D:12     | Noticed Azrael
 15958 | Lair:1   | Entered Level 1 of the Lair of Beasts
 16103 | Lair:1   | Found a frozen archway.
 16207 | IceCv    | Entered an ice cave
 16218 | IceCv    | Reached XP level 12. HP: 69/93 MP: 21/21
 16223 | IceCv    | Reached skill level 10 in Armour
 16305 | IceCv    | Noticed a death yak
 16305 | IceCv    | Noticed a death yak
 16329 | IceCv    | Killed a death yak
 16410 | IceCv    | Killed a death yak
 17012 | IceCv    | Reached ***** piety under Wu Jian
 17063 | IceCv    | Noticed a death yak
 17076 | IceCv    | Reached skill level 11 in Armour
 17087 | IceCv    | Killed a death yak
 17943 | IceCv    | Noticed a frost giant
 17944 | IceCv    | Noticed a death yak
 17944 | IceCv    | Noticed a death yak
 17978 | IceCv    | Killed a death yak
 18235 | IceCv    | Killed a frost giant
 18518 | IceCv    | Killed a death yak
 19255 | Lair:1   | Gained mutation: You have hoof-like feet. [demonic
                  | ancestry]
 19255 | Lair:1   | Reached XP level 13. HP: 95/102 MP: 17/22
 19795 | Lair:1   | Reached skill level 12 in Armour
 20237 | Lair:2   | Found a staircase to the Snake Pit.
 20259 | Lair:2   | Upgraded the game from 0.31-a0-981-geadf994542 to
                  | 0.31-a0-983-g7b6862f502
 20325 | Lair:2   | Found a transporter.
 20380 | Lair:2   | Noticed Scrimshaw's ghost (journeyman OpSh)
 20383 | Lair:2   | Found a transporter.
 20477 | Lair:2   | Reached skill level 10 in Fighting
 21665 | Lair:3   | Found a staircase to the Swamp.
 21873 | Lair:4   | Reached ****** piety under Wu Jian
 22245 | Lair:4   | Reached skill level 10 in Poison Magic
 22370 | Lair:4   | Noticed Nessos
 22377 | Lair:4   | Killed Nessos
 22697 | Lair:4   | Noticed Rupert
 22710 | Lair:4   | Paralysed by Rupert for 4 turns
 22729 | Lair:4   | Mangled by Rupert

Illustrated notes

Levels and vault maps discovered:
D:1:      erik_arrival_cave_to_civilisation [erik_arrival_cave_to_hall],
          layout_basic, shapermc_ecumenical_altar_mp_highgroup
D:2:      layout_basic, serial_rivers, chequers_serial_rivers_large_b,
          chequers_serial_rivers_marsh, chequers_serial_rivers_micro_b,
          chequers_serial_rivers_micro_a, chequers_serial_rivers_large_a,
          chequers_serial_rivers_small_b, grunt_ministairs_7,
          minmay_worlds_worst_comb
D:3:      layout_loops_corners, pdpol_wu_jian_five_deadly_venoms,
          hellmonk_no_cap
D:4:      layout_basic, grunt_temple_overflow_lords_of_destruction, uniq_natasha
D:5:      layout_loops_corners, temple_hall,
          nicolae_ossuary_entry_false_entrances, minmay_holes, uniq_grinder
D:6:      layout_loops_ring, beargit_hepliaklqana_dungeon_heroes,
          nicolae_kikubaaqudgha_miasma_corner
D:7:      layout_layer_cave, nicolae_alphabet_shops,
          hangedman_decor_clover_reticule, minmay_manual_mares
D:8:      minmay_goldmine, layout_basic, serial_curves, eino_curves_02,
          eino_curves_01, uniq_joseph, uniq_grum, uniq_pikel
D:9:      layout_basic, tso_oasis_becter, nicolae_overflow_hidden_temple,
          david_orc_5
D:10:     lemuel_flame_loot_2, layout_gridville, mainiacjoe_overflow_brackets,
          minmay_misc_feat_diagonals, nicolae_fort_ynox
D:11:     layout_small_grid, dpeg_oklobed_lair, ebering_ghost_rock_garden
D:12:     layout_long_grid, uniq_azrael
Temple:   zaba_magenta_temple
Lair:1:   layout_cave_pods, portal_ice_cave_entry_ice_simulacra,
          grunt_megastairs_4, serial_bayou_shore_a, infiniplex_staircase_pool_2
Lair:2:   layout_cave_pods, guppyfry_snake_entry_garden, nzn_ghost_randoct,
          serial_bayou_shore_b
Lair:3:   layout_cave_shapes, skrybe_swamp_entry_bodies
Lair:4:   layout_cave_pods, dpeg_slime_entry_enclosed, uniq_rupert, uniq_nessos

Skill      XL: |  1  2  3  4  5  6  7  8  9 10 11 12 13 |
---------------+----------------------------------------+-----
Transmutations | 1 |  1.0
Dodging        | 2 3 4 5 6 7 9 |  9.9
Fighting       | 1 2 3 4 5 6 8 9 10 | 10.6
Armour         | 1 2 3 4 5 7 9 11 12 | 12.6
Shields        | 1 2 3 4 5 6 7 |  7.5
Spellcasting   | 3 4 5 6 |  6.0
Ice Magic      | 1 2 3 4 5 6 |  6.7
Poison Magic   | 4 5 6 7 8 9 10 | 10.1
Conjurations   | 2 4 |  4.0
Stealth        | |  1.7

Action                     |  1- 3 |  4- 6 |  7- 9 | 10-12 | 13-15 || total
---------------------------+-------+-------+-------+-------+-------++-------
  Melee: Whip              |    18 |       |    49 |    21 |       ||    88
         Short sword       |       |   158 |   355 |       |       ||   513
         Punch             |       |     2 |       |       |       ||     2
         Spear             |       |       |       |   690 |   287 ||   977
  Throw: Dart              |       |       |     2 |       |       ||     2
   Cast: Sting             |    76 |    64 |    57 |       |       ||   197
         Olgreb's Toxic Ra |       |       |    16 |    85 |    41 ||   142
         Frozen Ramparts   |       |       |    12 |    13 |    31 ||    56
         Ozocubu's Armour  |       |       |     4 |     4 |     5 ||    13
         Searing Ray       |       |       |     6 |    30 |     2 ||    38
Ability: Lunge             |       |       |    10 |    15 |     2 ||    27
         Whirlwind         |       |       |     6 |    83 |    13 ||   102
  Evoke: Wand              |       |       |       |    10 |     2 ||    12
    Use: Potion            |       |     2 |     2 |     1 |     1 ||     6
         Scroll            |       |     4 |    15 |    11 |     2 ||    32
   Stab: Sleeping          |     1 |     3 |     2 |     1 |     1 ||     8
         Distracted        |       |       |     1 |     2 |       ||     3
         Confused          |       |       |       |       |     2 ||     2
 Armour: Robe              |    38 |   119 |    17 |       |       ||   174
         Skin              |       |     7 |       |       |       ||     7
         Leather armour    |       |       |   119 |   370 |   116 ||   605
  Dodge: Dodged            |    36 |   112 |   131 |   325 |   119 ||   723
  Block: Buckler           |       |   105 |   410 |   409 |       ||   924
         Reflection        |       |     6 |     9 |    20 |     6 ||    41
         Other             |       |     2 |       |       |       ||     2
         Kite shield       |       |       |       |   501 |   408 ||   909

Table legend: (Time is in decaauts)
 A = Elapsed time spent in this place.
 B = Non-inter-level travel time spent in this place.
 C = Inter-level travel time spent in this place.
 D = Time resting spent in this place.
 E = Time spent auto-exploring this place.
 F = Levels seen in this place.
 G = Mean time per level.
                   A        B        C        D        E       F      G
               +--------+--------+--------+--------+--------+-----+--------+
         Total |  23019 |  22370 |    649 |   5207 |  11564 |  19 | 1211.5 |
       Dungeon |  15823 |  15209 |    614 |   3062 |   8864 |  12 | 1318.6 |
        Temple |     33 |     33 |      0 |      0 |      0 |   1 |   33.0 |
          Lair |   4102 |   4068 |     34 |    564 |   2205 |   4 | 1025.5 |
       Ossuary |    204 |    204 |      0 |      0 |     94 |   1 |  204.0 |
      Ice Cave |   2855 |   2855 |      0 |   1581 |    400 |   1 | 2855.0 |
               +--------+--------+--------+--------+--------+-----+--------+

Top non-repeatable levels by time:
   IceCv: 2855 daAuts
     D:8: 2095 daAuts
     D:7: 1870 daAuts
     D:2: 1662 daAuts
    D:10: 1553 daAuts
  Lair:1: 1470 daAuts
     D:3: 1372 daAuts
    D:11: 1311 daAuts
     D:5: 1240 daAuts
  Lair:2: 1138 daAuts
    D:12: 1017 daAuts
     D:6: 1012 daAuts
     D:1: 994 daAuts
  Lair:4: 983 daAuts
     D:9: 868 daAuts
